 Dungeon Crawl Stone Soup version 0.30.1-11-g7821555f0a (webtiles) character file.

Game seed: 14913212104494932049

40 Gabide the Conjurer (level 3, -6/28 HPs)
             Began as a Demigod Conjurer on Nov 19, 2023.
             Mangled by an ogre
             ... wielding a +0 giant spiked club
              (26 damage)
             ... on level 2 of the Dungeon.
             The game lasted 00:01:55 (1687 turns).

Gabide the Conjurer (Demigod Conjurer)              Turns: 1687, Time: 00:01:56

Health: -6/28      AC:  2    Str:  8    XL:     3   Next: 14%
Magic:  6/8        EV: 12    Int: 24    God:
Gold:   84         SH:  0    Dex: 12    Spells: 5/6 levels left

rFire   . . .        e - +1 whip (drain)
rCold   . . .        (no shield)
rNeg    . . .        a - +0 robe
rPois   .            (no helmet)
rElec   .            (no cloak)
rCorr   .            (no gloves)
SInv    .            (no boots)
Will    .....        h - amulet of regeneration
Stlth   ++           (no ring)
HPRegen 1.04/turn    (no ring)
MPRegen 0.11/turn

%: no passive effects
@: brilliant, on berserk cooldown, slowed, very slow
A: high MP 1, forlorn, divine attributes
a: no special abilities


You were on level 2 of the Dungeon.
You visited 1 branch of the dungeon, and saw 2 of its levels.

You collected 84 gold pieces.

Inventory:

Hand Weapons
 e - a +1 whip of draining (weapon)
Armour
 a - a +0 robe (worn)
Jewellery
 h - an amulet of regeneration (around neck)
Scrolls
 c - a scroll of identify
Potions
 b - a potion of magic
 k - a potion of attraction {unknown}


   Skills:
 + Level 1.0 Fighting
 + Level 2.1 Dodging
 + Level 2.3 Stealth
 + Level 2.1 Spellcasting
 + Level 3.8 Conjurations


You had 5 spell levels left.
You knew the following spells:

 Your Spells              Type           Power      Damage    Failure   Level
a - Magic Dart            Conj           100%       1d8       2%          1

Your spell library contained the following spells:

 Spells                   Type           Power      Damage    Failure   Level
 Searing Ray              Conj           62%        2d6       3%          2
 Dazzling Flash           Conj/Hex       34%        N/A       16%         3
 Gell's Gravitas          Tloc           3%         N/A       34%         3
 Teleport Other           Tloc           3%         N/A       34%         3
 Fulminant Prism          Conj/Hex       8%         3d6       47%         4
 Iskenderun's Mystic Bla  Conj/Tloc      17%        2d5       47%         4
 Dispersal                Tloc           1%         N/A       100%        6


Dungeon Overview and Level Annotations

Branches:
Dungeon (2/15)


Innate Abilities, Weirdness & Mutations

You have an increased reservoir of magic. (+10% MP)
You shall have no god before yourself.
Your divine heritage dramatically boosts your attributes as you level up.


Message History

The magic dart hits the ogre!
The ogre is moderately wounded.
Unknown command.
There is a dry fountain here.
The ogre attacks as you move away!
The ogre hits you with a +0 giant spiked club!!
Ouch! That really hurt!
Okay, then.
You aren't carrying any items that you can evoke.
A red film seems to cover your vision as you go berserk!
You feel yourself moving faster!
You feel mighty! The ogre barely misses you.
You feel a strong urge to attack something.
You feel your anger nearly subside.
You are no longer berserk.
You are exhausted.
You feel yourself slow down.
As you read the scroll labelled SOURENW OQOMOTHEL, it crumbles to dust.
The scroll dissolves into smoke.
It was a scroll of fog.
You aren't carrying any items that you can evoke.
Okay, then.
You feel clever all of a sudden. The ogre barely misses you.
Casting: Magic Dart (safe; 2% risk of failure)
Confirm with . or Enter, or press ? or * to list all spells.
Aiming: Magic Dart (safe; 2% risk of failure)
Press: ? - help, Shift-Dir - straight line, f/p - ogre
Aim: an ogre, wielding a +0 giant spiked club (purple smoke, moderately wounded, 100% to hit)
You feel a surge of power!
The magic dart hits the ogre but does no damage.
The ogre is moderately wounded.
The ogre closely misses you.
Casting: Magic Dart (safe; 2% risk of failure)
Confirm with . or Enter, or press ? or * to list all spells.
Aiming: Magic Dart (safe; 2% risk of failure)
Press: ? - help, Shift-Dir - straight line, f/p - ogre
Aim: an ogre, wielding a +0 giant spiked club (purple smoke, moderately wounded, 100% to hit)
You feel a surge of power!
The magic dart hits the ogre.
The ogre is heavily wounded.
The ogre hits you with a +0 giant spiked club!!
Ouch! That really hurt!
You die...

#.###.......## ##..#
#.# ##.....## ##.#
#.#####...## #..#
#.##.......# ##.#
..##.###.#.# .#
####.###.#.# .#
#......#.###
###........>.#########
...........###§§@O§..##
###........##.§#####⌠.#
#......#.##.##...##.#
##........#.#.⌠.⌠.#.#
#####.##.')#..>....#
#.####.#.⌠.⌠.#.# #.#
#.##...##.# #.
#.⌠#####⌠.# ##.. ...##


You could see an ogre.

Vanquished Creatures
  A dart slug (D:1)
  A ball python (D:1)
  3 bats (D:1)
  3 endoplasms
  5 goblins (D:1)
  3 hobgoblins (D:1)
  3 jackals (D:1)
  2 quokkas (D:1)
  5 frilled lizards
  5 kobolds
  2 rats (D:1)
33 creatures vanquished.

Notes
Turn   | Place    | Note
-------+----------+-------------------------------------------
     0 | D:1      | Gabide the Demigod Conjurer began the quest for the Orb.
     0 | D:1      | Reached XP level 1. HP: 14/14 MP: 5/5
   280 | D:1      | Reached XP level 2. HP: 22/22 MP: 4/7
   917 | D:1      | Reached XP level 3. HP: 27/27 MP: 6/8
  1302 | D:2      | Reached skill level 1 in Fighting
  1670 | D:2      | Noticed an ogre
  1687 | D:2      | Mangled by an ogre

Illustrated notes

Levels and vault maps discovered:
D:1:      dpeg_arrival_castle, layout_basic
D:2:      layout_loops_corners, grunt_ministairs_11, kennysheep_donut,
          kennysheep_potato

Skill      XL: |  1  2  3 |
---------------+----------+-----
Stealth        | 2 |  2.3
Dodging        | 2 |  2.1
Spellcasting   | 2 |  2.1
Fighting       | 1 |  1.0
Conjurations   | |  3.8

Action                     || total
---------------------------++-------
  Melee: Whip              ||     1
   Cast: Magic Dart        ||    68
    Use: Scroll            ||     6
         Potion            ||     2
  Dodge: Dodged            ||     8
